 Dungeon Crawl Stone Soup version 0.29-a0-275-g389c0b56f3 (webtiles) character file.

Game seed: 3803532750058890581

86 sanka the Ducker (level 4, 41/41 HPs)
             Began as a Gnoll Monk on Mar 11, 2022.
             Was a Believer of Elyvilon.
             Quit the game on level 3 of the Dungeon.
             The game lasted 00:02:46 (2810 turns).

sanka the Ducker (Gnoll Monk)                       Turns: 2810, Time: 00:02:46

Health: 41/41      AC:  3    Str: 12    XL:     4   Next: 50%
Magic:  5/5        EV: 15    Int: 10    God:    Elyvilon [**....]
Gold:   121        SH:  0    Dex: 14    Spells: 5/5 levels left

rFire   . . .      SeeInvis .   r - +2 hand axe (freeze)
rCold   + . .      Faith    .   (no shield)
rNeg    . . .      Spirit   .   b - +0 robe
rPois   .          Reflect  .   (no helmet)
rElec   .          Harm     .   (no cloak)
rCorr   .          Rampage  .   j - +0 pair of gloves
Will    .....                   (no boots)
Stlth   +++.......              (no amulet)
HPRegen 0.13/turn               a - +4 ring of slaying
MPRegen 0.09/turn               s - ring of protection from cold

@: no status effects
A: fangs 1, strong nose, distributed training
a: Renounce Religion, Purification, Heal Other


You were on level 3 of the Dungeon.
You worshipped Elyvilon.
Elyvilon was pleased with you.
You visited 1 branch of the dungeon, and saw 3 of its levels.

You collected 121 gold pieces.


Innate Abilities, Weirdness & Mutations

You have very sharp teeth.
Your uncanny sense of smell can sniff out nearby items.
Your experience applies equally to all skills.


   Skills:
 + Level 6.6 Fighting
 + Level 1.1 Short Blades
 + Level 1.1 Long Blades
 + Level 6.6 Axes
 + Level 1.1 Maces & Flails
 + Level 1.1 Polearms
 + Level 1.1 Staves
 + Level 1.1 Slings
 + Level 1.1 Bows
 + Level 1.1 Crossbows
 + Level 1.1 Throwing
 + Level 1.1 Armour
 + Level 6.6 Dodging
 + Level 4.2 Stealth
 + Level 1.1 Shields
 + Level 1.1 Unarmed Combat
 + Level 1.1 Spellcasting
 + Level 0.9 Conjurations
 + Level 0.9 Hexes
 + Level 0.9 Summonings
 + Level 0.9 Necromancy
 + Level 0.9 Translocations
 + Level 0.9 Transmutations
 + Level 0.9 Fire Magic
 + Level 0.9 Ice Magic
 + Level 0.9 Air Magic
 + Level 0.9 Earth Magic
 + Level 0.9 Poison Magic
 + Level 1.2 Invocations
 + Level 1.1 Evocations


You had 5 spell levels left.
You didn't know any spells.
Your spell library contained the following spells:

 Spells                   Type           Power      Damage    Failure   Level
 Static Discharge         Conj/Air       2%         N/A       34%         2
 Lightning Bolt           Conj/Air       1%         1d12      100%        5
 Maxwell's Capacitive Co  Air            1%         ∞         100%        8

Inventory:

Hand Weapons
 r - a +2 hand axe of freezing (weapon)
Missiles
 q - 4 poisoned darts (quivered)
Armour
 b - a +0 robe (worn)
 j - a +0 pair of gloves (worn)
Jewellery
 a - a +4 ring of slaying (left hand)
 s - a ring of protection from cold (right hand)
Scrolls
 e - a scroll of enchant weapon {unknown}
 f - 2 scrolls of teleportation {unknown}
 h - 3 scrolls of noise {unknown}
 i - 5 scrolls of identify {unknown}
 l - a scroll of fear {unknown}
 m - a scroll of fog {unknown}
 n - a scroll of brand weapon {unknown}
Potions
 c - a potion of ambrosia
 d - a potion of curing {unknown}
 g - 2 potions of flight {unknown}
 k - a potion of degeneration {unknown}
 o - a potion of brilliance {unknown}
 p - a potion of might {unknown}

Dungeon Overview and Level Annotations

Branches:
Dungeon (3/15)

Altars:
Elyvilon

▒ ▒▒▒.▒▒ ▒
▒....▒ ▒
▒▒▒▒▒▒▒▒.▒▒.▒
▒...........▒
..▒▒▒...▒▒▒.▒ ▒
▒G▒...▒G▒.▒
...▒▒▒...▒▒▒.▒
..............▒
g.......g.....▒
..............▒
▒▒..▒▒▒...▒▒▒.▒
▒..▒G▒...▒G▒.▒
▒▒ ▒▒▒...▒▒▒ ▒
..... ▒▒▒▒▒


You could see 2 great orbs of eyes and 2 golden eyes.


Message History

Found a scroll labelled QAANLE ENNUPH.
h - 3 scrolls labelled QAANLE ENNUPH (gained 1)
There is a stone staircase leading up here.
Found a stone staircase leading down.
A rat comes into view.
A rat is nearby!
A rat is nearby!
The rat bites you.
You slash the rat! You freeze the rat.
You kill the rat!
No target in view!
No target in view!
You see here a rat corpse.
Found a scroll labelled ODAFUGH AGIH.
Found a faded altar of an unknown god.
The golden eye turns its gaze towards you.
i - 5 scrolls labelled ODAFUGH AGIH (gained 1)
The great orb of eyes turns its gaze towards you.
A hobgoblin comes into view.
A hobgoblin is nearby!
The great orb of eyes turns its gaze towards you.
The golden eye pulsates ominously.
There is a faded altar of an unknown god here.
You cannot tell which god this altar belongs to.
Convert to them anyway?
Elyvilon accepts your prayer! Elyvilon welcomes you!
You can now purify yourself.
You can now heal and attempt to pacify others.
Are you sure you want to abandon this character and quit the game? (Confirm with "yes".)

Action                   |  1- 3 |  4- 6 || total
-------------------------+-------+-------++-------
Melee: Hand axe          |   111 |    35 ||   146
       Bite              |    17 |     2 ||    19
 Stab: Sleeping          |     8 |     4 ||    12
Armor: Robe              |    19 |     4 ||    23
Dodge: Dodged            |    76 |    21 ||    97

Levels and vault maps discovered:
D:1:      kennysheep_arrival_forest, layout_loops_corners
D:2:      layout_loops_ring, skrybe_limestone_x, guppyfry_early_lair_pool
D:3:      layout_basic, hellmonk_ecumenical_altar_watching_god,
          serial_corexii_hall, corexii_hall_statues_i, corexii_hall_statues_s,
          chequers_hall_statues_corner_a, corexii_hall_statues_i,
          grunt_ministairs_14

Notes
Turn   | Place    | Note
-------+----------+-------------------------------------------
     0 | D:1      | sanka the Gnoll Monk began the quest for the Orb.
     0 | D:1      | Reached XP level 1. HP: 23/23 MP: 1/1
   120 | D:1      | Reached XP level 2. HP: 29/29 MP: 2/2
   606 | D:1      | Reached XP level 3. HP: 33/35 MP: 3/3
  1470 | D:2      | Reached skill level 1 in Invocations
  1517 | D:2      | Reached skill level 1 in Short Blades
  1517 | D:2      | Reached skill level 1 in Long Blades
  1517 | D:2      | Reached skill level 1 in Maces & Flails
  1517 | D:2      | Reached skill level 1 in Polearms
  1517 | D:2      | Reached skill level 1 in Staves
  1517 | D:2      | Reached skill level 1 in Slings
  1517 | D:2      | Reached skill level 1 in Bows
  1517 | D:2      | Reached skill level 1 in Crossbows
  1517 | D:2      | Reached skill level 1 in Throwing
  1517 | D:2      | Reached skill level 1 in Armour
  1517 | D:2      | Reached skill level 1 in Shields
  1517 | D:2      | Reached skill level 1 in Unarmed Combat
  1517 | D:2      | Reached skill level 1 in Spellcasting
  1517 | D:2      | Reached skill level 1 in Evocations
  1686 | D:2      | Reached XP level 4. HP: 36/41 MP: 5/5
  2796 | D:3      | Noticed a golden eye
  2798 | D:3      | Found a faded altar of an unknown god.
  2803 | D:3      | Noticed a golden eye
  2803 | D:3      | Noticed a great orb of eyes
  2803 | D:3      | Noticed a great orb of eyes
  2809 | D:3      | Prayed at the altar of an unknown god.
  2809 | D:3      | Became a worshipper of Elyvilon the Healer
  2809 | D:3      | Reached * piety under Elyvilon
  2809 | D:3      | Reached ** piety under Elyvilon
  2810 | D:3      | Quit the game

Vanquished Creatures
  2 adders
  A worm (D:3)
  2 dart slugs
  6 endoplasms
  2 giant cockroaches (D:1)
  4 goblins
  5 hobgoblins
  4 jackals (D:2)
  6 kobolds
  3 quokkas
  5 ball pythons
  11 bats
  6 rats
57 creatures vanquished.

Vanquished Creatures (others)
  2 plants (D:2)
2 creatures vanquished.

Grand Total: 59 creatures vanquished
